 Dungeon Crawl Stone Soup version 0.29-a0-275-g389c0b56f3 (webtiles) character file.

Game seed: 6539754493198375485

7605 Armakuni the Caregiver (level 11, -5/81 HPs)
             Began as a Human Wanderer on Mar 11, 2022.
             Was a Believer of Elyvilon.
             Slain by a wolf (7 damage)
             ... on level 1 of the Lair of Beasts.
             The game lasted 00:19:46 (10533 turns).

Armakuni the Caregiver (Human Wanderer)            Turns: 10533, Time: 00:19:46

Health: -5/81      AC: 10    Str: 16    XL:     11   Next: 40%
Magic:  18/18      EV: 13    Int: 10    God:    Elyvilon [**....]
Gold:   444        SH:  0    Dex: 16    Spells: 8/10 levels left

rFire   . . .      SeeInvis +   a - +3 dire flail (venom)
rCold   + . .      Faith    .   (shield currently unavailable)
rNeg    . . .      Spirit   .   i - +0 acid dragon scales
rPois   .          Reflect  .   c - +0 helmet
rElec   .          Harm     .   x - +1 cloak
rCorr   +          Rampage  .   (no gloves)
Will    .....                   (no boots)
Stlth   ..........              (no amulet)
HPRegen 0.23/turn               I - ring of see invisible
MPRegen 0.16/turn               J - ring of protection from cold

@: confused, ambrosia-drunk
A: no striking features
a: Renounce Religion, Purification, Heal Other


You were on level 1 of the Lair of Beasts.
You worshipped Elyvilon.
Elyvilon was pleased with you.
You visited 3 branches of the dungeon, and saw 10 of its levels.
You also visited: Sewer.

You collected 444 gold pieces.

Inventory:

Hand Weapons
 a - a +3 dire flail of venom (weapon)
 s - a +2 hunting sling
 v - a +3 scimitar of flaming
 A - a +0 quarterstaff
Missiles
 w - 2 curare-tipped darts (quivered)
Armour
 c - a +0 helmet (worn)
 i - +0 acid dragon scales (worn)
 o - a +2 chain mail of willpower
 x - a +1 cloak (worn)
Jewellery
 I - a ring of see invisible (left hand)
 J - a ring of protection from cold (right hand)
Wands
 k - a wand of paralysis (12)
 l - a wand of acid (7)
 B - a wand of polymorph (4)
Scrolls
 j - 3 scrolls of holy word
 m - 4 scrolls of teleportation
 y - 3 scrolls of brand weapon
 C - a scroll of immolation
Potions
 e - 5 potions of flight
 f - 9 potions of curing
 g - 2 potions of attraction
 h - 2 potions of magic
 n - 2 potions of might
 r - a potion of mutation
 t - 2 potions of lignification {unknown}


   Skills:
 - Level 6.1 Fighting
 + Level 7.8(9.3) Maces & Flails
 - Level 7.9(9.3) Staves
 - Level 3.0 Slings
 - Level 3.0 Bows
 - Level 5.0 Armour
 - Level 5.0 Dodging
 - Level 10.0 Invocations


You had 8 spell levels left.
You knew the following spells:

 Your Spells              Type           Power      Damage    Failure   Level
a - Wereblood             Tmut           0%         N/A       58%         2

Your spell library contained the following spells:

 Spells                   Type           Power      Damage    Failure   Level
 Pain                     Necr           0%         1d4       45%         1
 Sublimation of Blood     Necr           0%         N/A       58%         2
 Dazzling Flash           Conj/Hex       0%         N/A       83%         3
 Ignite Poison            Fire/Tmut/Pois 0%         N/A       83%         3
 Mephitic Cloud           Conj/Pois/Air  0%         N/A       83%         3
 Portal Projectile        Hex/Tloc       0%         N/A       83%         3
 Agony                    Necr           0%         N/A       100%        5
 Blade Hands              Tmut           0%         N/A       100%        5
 Excruciating Wounds      Necr           0%         N/A       100%        5
 Freezing Cloud           Conj/Ice/Air   0%         6-21      100%        5
 Silence                  Hex/Air        0%         N/A       100%        5
 Summon Hydra             Summ           0%         N/A       100%        7


Dungeon Overview and Level Annotations

Branches:
Dungeon (8/15)             Temple (1/1) D:4            Lair (1/6) D:8
  Sewer (visited)

Altars:
Ashenzari
Cheibriados
Dithmenos
Elyvilon
Fedhas
Hepliaklqana
Kikubaaqudgha
Makhleb
Nemelex Xobeh
Qazlal
Sif Muna
Trog
Uskayaw
Vehumet
Wu Jian
Xom
Yredelemnul
Zin
The Shining One


Message History

You feel less confused.
The wolf bites the fungus.
A komodo dragon comes into view.
You are confused.
You feel invigorated.
The komodo dragon hisses angrily.
The wolf bites you.
* * * LOW HITPOINT WARNING * * *
The wolf bites you!
* * * LOW HITPOINT WARNING * * *
The wolf stops to sniff the ground.
The wolf bites the fungus!
The wolf bites you but does no damage. x2
The wolf bites the fungus!
You completely miss the wolf.
The wolf is heavily wounded.
The wolf closely misses you.
You closely miss the wolf.
The wolf is heavily wounded.
The wolf bites you.
* * * LOW HITPOINT WARNING * * *
The wolf bites you but does no damage. x2; The wolf completely misses you.
The wolf bites the fungus.
The wolf barely misses you.
You thump the wolf!
You kill the wolf!
A nearby fungus withers and dies.
The wolf closely misses you. The wolf bites you.
* * * LOW HITPOINT WARNING * * *
The wolf barely misses you.
The wolf howls!
You hit the wolf.
The wolf is poisoned.
The wolf is lightly wounded.
The wolf bites you!
* * * LOW HITPOINT WARNING * * *
The wolf bites you.
* * * LOW HITPOINT WARNING * * *
The wolf bites you.
* * * LOW HITPOINT WARNING * * *
The wolf barely misses you. The wolf closely misses you.
The wolf attacks as you move away! The wolf bites you!
You die...

≈≈≈≈≈ ..#≈
≈≈≈≈≈ ≈≈###
##..##≈≈≈≈≈≈
###
#.P...≈P≈≈≈≈
#
#......≈...#
# .........#
##
#........#
.#
#....l...#
## ##.hh..#
# ###..h@..#
###....##.##
#####.h.####
## #P.....##
##.#+.##
#.8..#
#...##
......
.......


You could see a komodo dragon and 4 wolves.

Vanquished Creatures
  Erica (D:8)
  Pikel (D:4)
  A cyclops (D:8)
  Joseph (D:8)
  A cane toad (Lair:1)
  Maggie (D:8)
  A hornet (D:8)
  A wyvern (D:8)
  2 steam dragons
  Eustachio (D:6)
  Menkaure (D:5)
  3 water moccasins
  2 sky beasts (D:6)
  3 orc warriors
  A black bear (D:6)
  2 ogres
  2 ice beasts
  A centaur (D:7)
  3 phantoms
  A wolf (Lair:1)
  5 kobold brigands
  A lemure (D:4)
  4 bullfrogs
  A scorpion (D:5)
  8 wights (D:8)
  3 orc priests
  8 hounds
  A gnoll shaman (D:4)
  A jelly (D:7)
  Terence (D:2)
  Ijyb (D:3)
  2 iguanas
  5 orc wizards
  2 hell rats (D:8)
  A killer bee zombie (D:8)
  A howler monkey zombie (D:8)
  8 gnolls
  6 adders
  7 river rats
  A shadow imp (D:5)
  2 white imps
  5 worms
  2 dart slugs
  15 orcs
  2 bats (D:1)
  10 endoplasms
  4 giant cockroaches
  11 goblins
  9 hobgoblins
  4 jackals
  5 quokkas
  6 ball pythons
  4 frilled lizards
  17 kobolds
  9 rats
202 creatures vanquished.

Vanquished Creatures (others)
  3 death yaks (D:8)
  2 wights (D:8)
  2 rats (D:8)
  A fungus (Lair:1)
  4 plants (Lair:1)
12 creatures vanquished.

Grand Total: 214 creatures vanquished

Notes
Turn   | Place    | Note
-------+----------+-------------------------------------------
     0 | D:1      | Armakuni the Human Wanderer began the quest for the Orb.
     0 | D:1      | Armakuni set off with the following items: a +2 hunting
                  | sling, a +0 shortbow, a +0 helmet, a scroll of fear, a +0
                  | leather armour
     0 | D:1      | Reached XP level 1. HP: 15/15 MP: 1/1
   216 | D:1      | Reached skill level 1 in Armour
   216 | D:1      | Reached XP level 2. HP: 21/21 MP: 2/2
   404 | D:1      | Found a faded altar of an unknown god.
   861 | D:2      | Reached XP level 3. HP: 27/27 MP: 3/3
   945 | D:2      | Noticed Terence
   971 | D:2      | Killed Terence
   972 | D:2      | Reached skill level 1 in Maces & Flails
   972 | D:2      | Reached XP level 4. HP: 6/34 MP: 4/4
  1752 | D:3      | Identified the +9 spear of Indomitability {elec, Drain MP+9
                  | Str+7 Int+4}
  1878 | D:3      | Reached XP level 5. HP: 23/39 MP: 5/5
  2056 | D:3      | Noticed Ijyb
  2057 | D:3      | Paralysed by Ijyb for 7 turns
  2066 | D:3      | Killed Ijyb
  2980 | D:4      | Reached XP level 6. HP: 47/47 MP: 6/6
  3028 | D:4      | Noticed Pikel
  3046 | D:4      | Killed Pikel
  3047 | D:4      | Reached skill level 5 in Fighting
  3047 | D:4      | Reached skill level 5 in Armour
  3047 | D:4      | Reached XP level 7. HP: 34/56 MP: 7/7
  3211 | D:4      | Reached XP level 8. HP: 62/62 MP: 8/8
  3315 | D:4      | Found a staircase to the Ecumenical Temple.
  3326 | Temple   | Entered the Ecumenical Temple
  3689 | D:4      | Found a white marble altar of Elyvilon.
  3696 | D:4      | Found a burning altar of Makhleb.
  3706 | D:4      | Became a worshipper of Elyvilon the Healer
  3723 | D:5      | Entered Level 5 of the Dungeon
  3807 | D:5      | Reached skill level 5 in Dodging
  3807 | D:5      | Reached skill level 1 in Invocations
  4243 | D:5      | Found a blossoming altar of Fedhas.
  4786 | D:5      | Noticed Menkaure
  4791 | D:5      | Killed Menkaure
  4792 | D:5      | Reached XP level 9. HP: 68/68 MP: 9/9
  4792 | D:5      | Reached * piety under Elyvilon
  5261 | D:6      | Reached skill level 5 in Staves
  5267 | D:6      | Reached ** piety under Elyvilon
  5412 | D:6      | Noticed Eustachio
  5428 | D:6      | Killed Eustachio
  5475 | D:6      | Found a radiant altar of Vehumet.
  5517 | D:6      | Found a broken altar of Ashenzari.
  5615 | D:6      | Found a glowing drain.
  5640 | Sewer    | Entered a sewer
  5660 | Sewer    | Reached skill level 2 in Invocations
  5761 | Sewer    | Reached skill level 3 in Invocations
  5789 | Sewer    | Found a white marble altar of Elyvilon.
  5958 | D:6      | Reached skill level 4 in Invocations
  6063 | D:6      | Reached skill level 5 in Invocations
  6277 | D:6      | Reached skill level 6 in Invocations
  6292 | D:6      | Reached XP level 10. HP: 72/74 MP: 14/14
  6571 | D:6      | Learned a level 2 spell: Wereblood
  6778 | D:7      | Reached skill level 7 in Invocations
  6840 | D:7      | Reached skill level 8 in Invocations
  7296 | D:7      | Reached skill level 9 in Invocations
  7541 | D:7      | Reached *** piety under Elyvilon
  8279 | D:8      | Noticed Erica
  8292 | D:8      | Elyvilon protects you from harm!
  8295 | D:8      | Killed Erica
  8296 | D:8      | Reached skill level 10 in Invocations
  8592 | D:8      | Found a basalt altar of Yredelemnul.
  8621 | D:8      | Noticed a death yak
  8637 | D:8      | Pacified a death yak
  8643 | D:8      | Noticed a death yak
  8645 | D:8      | Noticed a death yak
  8662 | D:8      | Killed a death yak
  8671 | D:8      | Killed a death yak
  8673 | D:8      | Killed a death yak
  8688 | D:8      | Reached XP level 11. HP: 54/80 MP: 14/18
  8725 | D:8      | Found a staircase to the Lair.
  8831 | D:8      | Noticed a cyclops
  8865 | D:8      | Killed a cyclops
  8866 | D:8      | Reached skill level 5 in Maces & Flails
  9248 | D:8      | Noticed Joseph
  9261 | D:8      | HP: 2/81 [Joseph/+0 quarterstaff (9)]
  9606 | D:8      | Noticed Maggie
  9622 | D:8      | Killed Maggie
 10049 | D:8      | Killed Joseph
 10379 | Lair:1   | Entered Level 1 of the Lair of Beasts
 10532 | Lair:1   | HP: 2/81 [wolf (5)]
 10533 | Lair:1   | Slain by a wolf

Illustrated notes

Levels and vault maps discovered:
D:1:      giann_forest_graveyard, layout_basic, shapermc_ecumenical_altar_venn
D:2:      layout_basic, uniq_terence
D:3:      layout_basic, uniq_ijyb
D:4:      layout_rooms, amethyst_overflow_temple_binary,
          minmay_temple_entry_waves, dk_vineyard_3, uniq_pikel
D:5:      layout_rooms, fedhas_ov_isle_minmay, serial_co_window_serial,
          co_window_paths_a, co_window_paths_a, co_window_corner_a,
          co_window_of_opportunity_a, co_window_of_opportunity_a,
          co_window_broadway_b, co_window_corner_b, co_window_2corner,
          co_window_corner_b, co_window_paths_c, co_window_4corner_a,
          glass_columns_c, glass_columns_b, glass_columns_b, patterned_corridor,
          uniq_menkaure
D:6:      layout_basic, mainiacjoe_overflow_boulevard,
          mainiacjoe_overflow_concentric_impassable, lightli_sewer_entry_pipes,
          minmay_alternating_orb, uniq_eustachio
D:7:      layout_gridville
D:8:      layout_basic, lemuel_zombie_altar_yredelemnul, dpeg_lair_monsters,
          uniq_maggie, uniq_erica, uniq_joseph
Temple:   dshaligram_water_room_temple
Lair:1:   wander_river, layout_cave_pods, grunt_megastairs_5,
          serial_bayou_shore_b

Skill      XL: |  1  2  3  4  5  6  7  8  9 10 11 |
---------------+----------------------------------+-----
Armour         | 1 2 3 5 |  5.0
Fighting       | 2 3 5 6 |  6.1
Maces & Flails | 1 2 4 7 |  7.8
Staves         | 2 4 6 7 |  7.9
Dodging        | 5 |  5.0
Invocations    | 1 6 10 | 10.0
Slings         | |  3.0
Bows           | |  3.0

Action                   |  1- 3 |  4- 6 |  7- 9 | 10-12 || total
-------------------------+-------+-------+-------+-------++-------
Melee: Whip              |    13 |    28 |       |       ||    41
       Spear             |       |    56 |   268 |   173 ||   497
       Punch             |       |       |     1 |     3 ||     4
       Dire flail        |       |       |       |    26 ||    26
 Fire: Hunting sling     |    69 |     4 |       |       ||    73
Throw: Dart              |       |       |       |     3 ||     3
Invok: Purification      |       |       |     1 |     4 ||     5
       Heal Other        |       |       |       |    16 ||    16
Evoke: Wand              |       |     1 |     1 |     7 ||     9
  Use: Potion            |     1 |       |       |     7 ||     8
       Scroll            |       |     5 |     3 |    13 ||    21
 Stab: Paralysed         |       |     4 |     3 |       ||     7
Armor: Leather armour    |     7 |     3 |       |       ||    10
       Ring mail         |       |    16 |    74 |    35 ||   125
       Acid dragon scale |       |       |       |    14 ||    14
Dodge: Dodged            |    22 |    29 |   102 |   117 ||   270

Table legend: (Time is in decaauts)
 A = Elapsed time spent in this place.
 B = Non-inter-level travel time spent in this place.
 C = Inter-level travel time spent in this place.
 D = Time resting spent in this place.
 E = Time spent auto-exploring this place.
 F = Levels seen in this place.
 G = Mean time per level.
                   A        B        C        D        E       F      G
               +--------+--------+--------+--------+--------+-----+--------+
         Total |  10601 |  10366 |    235 |   1417 |   7248 |  11 |  963.7 |
       Dungeon |  10146 |   9931 |    215 |   1391 |   6973 |   8 | 1268.2 |
        Temple |     90 |     70 |     20 |      0 |     60 |   1 |   90.0 |
          Lair |    157 |    157 |      0 |     26 |     69 |   1 |  157.0 |
         Sewer |    207 |    207 |      0 |      0 |    145 |   1 |  207.0 |
               +--------+--------+--------+--------+--------+-----+--------+

Top non-repeatable levels by time:
     D:8: 2496 daAuts
     D:5: 1445 daAuts
     D:6: 1445 daAuts
     D:3: 1215 daAuts
     D:7: 1090 daAuts
     D:2: 915 daAuts
     D:1: 847 daAuts
     D:4: 690 daAuts
   Sewer: 207 daAuts
  Lair:1: 157 daAuts
  Temple: 90 daAuts
